 Dungeon Crawl Stone Soup version 0.26.1-2-gb8aa6d0cf2 (webtiles) character file.

Game seed: 12389126417426081957

93 Ladykiller69 the Insei (level 4, -1/34 HPs)
             Began as a Gnoll Transmuter on Mar 9, 2021.
             Was an Initiate of Nemelex Xobeh.
             Killed by divine providence
             ... invoked by an orc priest
              (11 damage)
             ... on level 3 of the Dungeon.
             The game lasted 00:06:55 (2570 turns).

Ladykiller69 the Insei (Gnoll Transmuter)           Turns: 2570, Time: 00:06:57

Health: -1/34      AC:  3    Str: 12    XL:     4   Next: 61%
Magic:  10/11      EV: 15    Int: 17    God:    Nemelex Xobeh [......]
Gold:   119        SH:  0    Dex: 15    Spells: 12/13 levels left

rFire    . . .     SeeInvis .     - Unarmed
rCold    . . .     Faith    .   (no shield)
rNeg     . . .     Spirit   .   a - +0 robe
rPois    .         Reflect  .   (helmet currently unavailable)
rElec    .         Harm     .   (no cloak)
rCorr    .         Rampage  .   s - +0 pair of gloves (curse)
Will     .....                  (boots currently unavailable)
Stlth    ++........             (no amulet)
HPRegen  0.11/turn              (no ring)
MPRegen  0.12/turn              (no ring)

@: appendages (expiring)
A: distributed training, fangs 1, horns 2, talons 2, strong nose
a: End Transformation, Renounce Religion, Draw Escape, Draw Destruction, Draw
Summoning


You were on level 3 of the Dungeon.
You worshipped Nemelex Xobeh.
Nemelex Xobeh was noncommittal.
You had grown temporary horns.
You had grown temporary talons.
You visited 1 branch of the dungeon, and saw 3 of its levels.

You collected 119 gold pieces.

Inventory:

Hand Weapons
 l - a +3 whip of freezing
Missiles
 r - 4 boomerangs of dispersal
Armour
 a - a +0 robe (worn)
 s - a cursed +0 pair of gloves (worn)
Jewellery
 e - an uncursed amulet of guardian spirit {unknown}
Scrolls
 b - 3 scrolls of identify {unknown}
 d - a scroll of fear {unknown}
 g - a scroll of remove curse {unknown}
 h - 2 scrolls of teleportation {unknown}
 i - a scroll of blinking {unknown}
 j - 2 scrolls of enchant armour {unknown}
 m - a scroll of random uselessness {unknown}
 n - a scroll of magic mapping {unknown}
Potions
 c - a potion of mutation {unknown}
 f - a potion of invisibility {unknown}
 k - a potion of haste {unknown}
 o - 2 potions of degeneration {unknown}
 p - a potion of curing {unknown}
 q - a potion of cancellation {unknown}


   Skills:
 + Level 2.8 Fighting
 + Level 1.2 Short Blades
 + Level 1.2 Long Blades
 + Level 1.2 Axes
 + Level 1.2 Maces & Flails
 + Level 1.2 Polearms
 + Level 1.2 Staves
 + Level 1.2 Slings
 + Level 1.2 Bows
 + Level 1.2 Crossbows
 + Level 1.2 Throwing
 + Level 1.2 Armour
 + Level 4.6 Dodging
 + Level 1.2 Stealth
 + Level 1.2 Shields
 + Level 6.6 Unarmed Combat
 + Level 5.1 Spellcasting
 + Level 1.0 Conjurations
 + Level 1.0 Hexes
 + Level 1.0 Summonings
 + Level 1.0 Necromancy
 + Level 1.0 Translocations
 + Level 3.8 Transmutations
 + Level 1.0 Fire Magic
 + Level 1.0 Ice Magic
 + Level 1.0 Air Magic
 + Level 1.0 Earth Magic
 + Level 1.0 Poison Magic
 + Level 1.3 Invocations
 + Level 1.2 Evocations


You had 12 spell levels left.
You knew the following spells:

 Your Spells              Type           Power        Failure   Level
a - Beastly Appendage     Tmut           34%          3%          1

Your spell library contained the following spells:

 Spells                   Type           Power        Failure   Level
 Wereblood                Tmut           17%          4%          2
 Spider Form              Tmut/Pois      6%           16%         3
 Ice Form                 Ice/Tmut       12%          45%         4
 Blade Hands              Tmut           8%           63%         5


Dungeon Overview and Level Annotations

Branches:
Dungeon (3/15)

Altars:
Dithmenos
Gozag
Nemelex Xobeh


Innate Abilities, Weirdness & Mutations

Your experience applies equally to all skills.
You have very sharp teeth.
Your uncanny sense of smell can sniff out nearby items.
You have a pair of horns on your head.
You have razor-sharp toenails.


Message History

a +2 short sword of freezing; a kobold corpse An orc priest comes into view.
It is wielding a +0 mace.
An orc comes into view. It is wielding a +0 long sword.
You start resting.
An orc priest is nearby!
Casting: Beastly Appendage (safe; 3% risk of failure)
Press: ? - help, Q - select action, (/) - cycle Dir - look around, f - activate You grow a pair of large bovine horns.
Your feet morph into talons.
Your transformation is almost over.
The orc priest mumbles some strange prayers to Beogh against you.
Beogh smites you! The orc priest hits you with a +0 mace!
* * * LOW HITPOINT WARNING * * *
You barely miss the orc priest. You claw the orc priest.
You bite the orc priest, but do no damage.
The orc priest is lightly wounded.
The orc priest mumbles some strange prayers to Beogh against you.
Beogh smites you!
You die...
Your body disappears without a glow.

#...# #......# ..#.#
#.....# . ....###
#.....# .. #.#...####
#....# #...
#.##..†..##### #...#
....o #.###.##..#..
∆##...##.....o #.# #.#
#.#.# #...#)....... #.#
#)###.#.####.#.......)..
..#
#..........o@#######.###
.## ######..####......#
# .# #.## #.####..# ##
#... #.# # # #.[.# #.#
## #...# #.# .## #####
#.# <.#### ..# #....# ##


You could see an orc priest.

Vanquished Creatures
  A gnoll (D:1)
  2 adders (D:3)
  2 oozes (D:2)
  2 worms (D:2)
  2 dart slugs (D:1)
  3 giant cockroaches
  10 goblins
  5 hobgoblins
  7 kobolds
  A quokka (D:2)
  5 bats
  2 frilled lizards
  8 rats
50 creatures vanquished.

Notes
Turn   | Place    | Note
-------+----------+-------------------------------------------
     0 | D:1      | Ladykiller69 the Gnoll Transmuter began the quest for the
                  | Orb.
     0 | D:1      | Reached XP level 1. HP: 17/17 MP: 6/6
   230 | D:1      | Reached XP level 2. HP: 16/23 MP: 7/7
   876 | D:1      | Reached XP level 3. HP: 20/28 MP: 9/9
   880 | D:1      | Reached skill level 5 in Spellcasting
  1099 | D:1      | Reached skill level 1 in Invocations
  1582 | D:2      | Reached skill level 1 in Short Blades
  1582 | D:2      | Reached skill level 1 in Long Blades
  1582 | D:2      | Reached skill level 1 in Axes
  1582 | D:2      | Reached skill level 1 in Maces & Flails
  1582 | D:2      | Reached skill level 1 in Polearms
  1582 | D:2      | Reached skill level 1 in Staves
  1582 | D:2      | Reached skill level 1 in Slings
  1582 | D:2      | Reached skill level 1 in Bows
  1582 | D:2      | Reached skill level 1 in Crossbows
  1582 | D:2      | Reached skill level 1 in Throwing
  1582 | D:2      | Reached skill level 1 in Armour
  1582 | D:2      | Reached skill level 1 in Stealth
  1582 | D:2      | Reached skill level 1 in Shields
  1582 | D:2      | Reached skill level 1 in Evocations
  1797 | D:2      | Reached XP level 4. HP: 28/34 MP: 11/11
  1811 | D:2      | Found an opulent altar of Gozag.
  1811 | D:2      | Found a sparkling altar of Nemelex Xobeh.
  1882 | D:2      | Became a worshipper of Nemelex Xobeh the Trickster
  2038 | D:2      | Found a shadowy altar of Dithmenos.
  2356 | D:3      | Reached skill level 1 in Conjurations
  2356 | D:3      | Reached skill level 1 in Hexes
  2356 | D:3      | Reached skill level 1 in Summonings
  2356 | D:3      | Reached skill level 1 in Necromancy
  2356 | D:3      | Reached skill level 1 in Translocations
  2356 | D:3      | Reached skill level 1 in Fire Magic
  2356 | D:3      | Reached skill level 1 in Ice Magic
  2356 | D:3      | Reached skill level 1 in Air Magic
  2356 | D:3      | Reached skill level 1 in Earth Magic
  2356 | D:3      | Reached skill level 1 in Poison Magic
  2570 | D:3      | Killed from afar by an orc priest

Illustrated notes

Levels and vault maps discovered:
D:1:      wander_arrival_peaceful_grave, layout_loops_corners
D:2:      layout_loops_ring, grunt_temple_overflow_opulence,
          nicolae_dithmenos_shadow_blocks
D:3:      layout_rooms, minmay_misc_feat_secret_circle

Skill      XL: |  1  2  3  4 |
---------------+-------------+-----
Spellcasting   | 5 |  5.1
Invocations    | 1 |  1.3
Short Blades   | 1 |  1.2
Long Blades    | 1 |  1.2
Axes           | 1 |  1.2
Maces & Flails | 1 |  1.2
Polearms       | 1 |  1.2
Staves         | 1 |  1.2
Slings         | 1 |  1.2
Bows           | 1 |  1.2
Crossbows      | 1 |  1.2
Throwing       | 1 |  1.2
Armour         | 1 |  1.2
Stealth        | 1 |  1.2
Shields        | 1 |  1.2
Evocations     | 1 |  1.2
Conjurations   | 1 |  1.0
Hexes          | 1 |  1.0
Summonings     | 1 |  1.0
Necromancy     | 1 |  1.0
Translocations | 1 |  1.0
Fire Magic     | 1 |  1.0
Ice Magic      | 1 |  1.0
Air Magic      | 1 |  1.0
Earth Magic    | 1 |  1.0
Poison Magic   | 1 |  1.0
Fighting       | |  2.8
Dodging        | |  4.6
Unarmed Combat | |  6.6
Transmutations | |  3.8

Action                   |  1- 3 |  4- 6 || total
-------------------------+-------+-------++-------
Melee: Unarmed           |   106 |    28 ||   134
       Bite              |     9 |     3 ||    12
       Kick              |     3 |     1 ||     4
       Punch             |     1 |       ||     1
       Headbutt          |       |     2 ||     2
 Cast: Beastly Appendage |     6 |     5 ||    11
 Stab: Sleeping          |       |     4 ||     4
Armor: Robe              |    20 |     1 ||    21
Dodge: Dodged            |    66 |    11 ||    77
